 Dungeon Crawl Stone Soup version 0.25.0-45-g978344163c (webtiles) character file.

Game seed: 2147900110237206304

92793 Rediskos the Severer (level 16, -3/147 HPs)
             Began as a Hill Orc Fighter on July 11, 2020.
             Was the Champion of Makhleb.
             Slain by a shock serpent (11 damage)
             ... on level 1 of the Snake Pit.
             The game lasted 01:09:54 (27298 turns).

Rediskos the Severer (Hill Orc Fighter)            Turns: 27298, Time: 01:09:54

Health: -3/147     AC: 24    Str: 23    XL:     16   Next: 7%
Magic:  26/26      EV:  7    Int: 14    God:    Makhleb [******]
Gold:   1217       SH: 20    Dex: 14    Spells: 15/15 levels left

rFire    + . .     SeeInvis +   b - +4 broad axe (flame)
rCold    . . .     Gourm    .   c - +1 kite shield
rNeg     . . .     Faith    .   u - +2 plate armour {rC+}
rPois    +         Spirit   .   S - +0 helmet
rElec    .         Reflect  +   H - +0 cloak
rCorr    .         Harm     .   G - +1 pair of gloves "Pumayxo" {Int-2 Slay+5 SInv}
MR       +++..                  T - +1 pair of boots of Salvation {rPois Str-5 Int+8 SInv}
Stlth    ..........             Q - amulet "Eteask" {Reflect rC- MR++ Str+6 SH+5}
HPRegen  0.34/turn              V - ring of protection from fire
MPRegen  0.20/turn              M - +4 ring of slaying

@: no status effects
A: no striking features
a: Minor Destruction, Lesser Servant of Makhleb, Major Destruction, Greater
Servant of Makhleb, Renounce Religion


You were on level 1 of the Snake Pit.
You worshipped Makhleb.
Makhleb was exalted by your worship.
You were not hungry.

You visited 5 branches of the dungeon, and saw 23 of its levels.
You also visited: Gauntlet and Volcano.

You collected 2320 gold pieces.
You spent 1103 gold pieces at shops.

Inventory:

Hand Weapons
 a - a +4 broad axe
 b - a +4 broad axe of flaming (weapon)
Missiles
 D - 42 boomerangs (quivered)
Armour
 c - a +1 kite shield (worn)
 u - a +2 plate armour of cold resistance (worn)
 v - a +0 plate armour
 G - the +1 pair of gloves "Pumayxo" (worn) {Int-2 Slay+5 SInv}
   (You found it in a volcano)

   It affects your intelligence (-2).
   It affects your accuracy and damage with ranged weapons and melee attacks
   (+5).
   It lets you see invisible.
 H - a +0 cloak (worn)
 S - a +0 helmet (worn)
 T - the +1 pair of boots of Salvation (worn) {rPois Str-5 Int+8 SInv}
   (You found it on level 2 of the Lair of Beasts)

   It affects your strength (-5).
   It affects your intelligence (+8).
   It protects you from poison.
   It lets you see invisible.
Jewellery
 i - an uncursed amulet of the acrobat
 m - a cursed -4 ring of strength
 o - an uncursed ring of positive energy
 x - a +6 ring of strength
 M - a +4 ring of slaying (right hand)
 Q - the amulet "Eteask" (around neck) {Reflect rC- MR++ Str+6 SH+5}
   (You bought it in a shop on level 2 of the Orcish Mines)

   [amulet of reflection]

   It shields you and reflects attacks.
   It affects your strength (+6).
   It makes you vulnerable to cold.
   It affects your resistance to hostile enchantments.
   It affects your SH (+5).
 U - an uncursed ring of resist corrosion
 V - a ring of protection from fire (left hand)
Wands
 g - a wand of digging (3)
 t - a wand of paralysis (12)
 w - a wand of disintegration (43)
 L - a wand of enslavement (7)
 N - a wand of iceblast (9)
 W - a wand of acid (2)
Scrolls
 e - 4 scrolls of enchant armour
 j - 4 scrolls of identify
 l - 2 scrolls of immolation
 p - 7 scrolls of teleportation
 y - 9 scrolls of remove curse
 A - 5 scrolls of blinking
 C - 2 scrolls of fog
 E - 2 scrolls of amnesia
 F - 4 scrolls of fear
 Z - a scroll of magic mapping
Potions
 d - 4 potions of might
 k - 6 potions of curing
 n - 6 potions of flight
 q - 3 potions of haste
 r - 3 potions of mutation
 s - 3 potions of resistance
 z - 5 potions of heal wounds
 B - a potion of berserk rage
 I - 4 potions of brilliance
 O - a potion of ambrosia
 P - a potion of cancellation
 X - 2 potions of invisibility
Miscellaneous
 h - a lightning rod (4/4)
 K - a phial of floods
Comestibles
 f - 34 rations


   Skills:
 + Level 14.9 Fighting
 - Level 18.0 Axes
 + Level 10.4 Armour
 - Level 15.0 Shields
 + Level 13.7 Invocations
 - Level 7.0 Evocations


You had 15 spell levels left.
You didn't know any spells.
Your spell library contained the following spells:

 Spells                   Type           Power        Failure   Level  Hunger
 Animate Skeleton         Necr           N/A          98%         1    ##.....
 Apportation              Tloc           #.....       98%         1    ##.....
 Corona                   Hex            #......      98%         1    ##.....
 Shock                    Conj/Air       #...         98%         1    ##.....
 Summon Small Mammal      Summ           #...         98%         1    ##.....
 Swiftness                Chrm/Air       #.......     99%         2    ###....
 Ignite Poison            Fire/Tmut/Pois #.......     100%        3    ####...
 Static Discharge         Conj/Air       #.......     100%        3    ####...
 Airstrike                Air            #.........   100%        4    #####..
 Fireball                 Conj/Fire      #.........   100%        5    ######.
 Lightning Bolt           Conj/Air       #.........   100%        5    ######.
 Simulacrum               Ice/Necr       #.........   100%        6    #######
 Starburst                Conj/Fire      #.........   100%        6    #######
 Ring of Flames           Chrm/Fire      #.........   100%        7    #######
 Ignition                 Fire           #.........   100%        8    #######
 Dragon's Call            Summ           #.........   100%        9    #######


Dungeon Overview and Level Annotations

Branches:
Dungeon (13/15)            Temple (1/1) D:6            Lair (6/6) D:11
  Swamp (0/4) Lair:3        Snake (1/4) Lair:3        Slime (0/5) Lair:6
    Orc (2/2) D:11            Elf (0/3) Orc:2       Volcano (visited)
Gauntlet (visited)
 Vaults: D:13-14

Altars:
Dithmenos
Hepliaklqana
Kikubaaqudgha
Makhleb
Okawaru
Qazlal
Ru
Yredelemnul
Beogh
Jiyva

Shops:
D:4 :   D:5 ?   D:12 %[=   Orc:2 (:**   Snake:1 [

Portals:
Hell: Lair:6
Pandemonium: Orc:2
Trove: D:11 (show abyssal rune of Zot)

Annotations:
D:8 2 transporters
D:10 2 transporters, raetorn's ghost, novice MiBe
Lair:5 1 runed translucent door, Mumum's ghost, journeyman DrFE


Message History

The shock serpent's electric aura discharges, shocking you!
You block the shock serpent's attack.
The shock serpent shoots out a bolt of lightning at you!
The bolt of electricity hits you!
* * * LOW HITPOINT WARNING * * *
You block the shock serpent's attack.
You slash the shock serpent! You burn the shock serpent.
The shock serpent is severely wounded.
The shock serpent's electric aura discharges, shocking you!
* * * LOW HITPOINT WARNING * * *
The shock serpent bites you but does no damage.
You closely miss the shock serpent.
The shock serpent is severely wounded.
You slice the shock serpent!! You burn the shock serpent!
The shock serpent's electric aura discharges violently, shocking you!
* * * LOW HITPOINT WARNING * * *
The shock serpent barely misses you. The shock serpent bites you!
* * * LOW HITPOINT WARNING * * *
The shock serpent shocks you!
You die...

#..###...# #...#
#..###...# #...# #
##........# #...# ##.
#.........# #...# #...
#.........# #...# #...#
#.........# #...#
#....##........## #...#
#.....#........## #...#
#....S@.......).# #...#
......S..........###...#
.................##....#
.......................#
..........(.....)......#
........#..###.........#
...........####........#
............# #........#
.............#
#.........


You could see 2 shock serpents.

Vanquished Creatures
  An orc warlord (Orc:2)
  2 stone giants
  Snorg (Orc:1)
  An ettin (Orc:2)
  Josephine (Orc:1)
  Harold (D:8)
  8 hydras
  An anaconda (Snake:1)
  An alligator (Lair:6)
  A two-headed ogre (Volcano)
  Urug (Orc:1)
  5 orc high priests
  A sun demon (Lair:6)
  Sonja (Lair:1)
  4 skeletal warriors (D:11)
  A torturous demonspawn (Orc:2)
  A wizard (Lair:6)
  An unseen horror (D:12)
  A gelid demonspawn (Orc:2)
  A mana viper (Snake:1)
  5 orc knights
  2 salamanders (Volcano)
  A deep elf mage (D:12)
  3 orc sorcerers (Orc:2)
  3 manticores
  3 cyclopes
  Maurice (D:13)
  2 centaur zombies
  2 naga magi (Snake:1)
  12 black mambas
  An elephant (Lair:2)
  A rust devil (Orc:2)
  17 spiny frogs
  3 orange demons (Lair:6)
  2 smoke demons
  9 komodo dragons
  6 rime drakes
  4 ice devils
  3 kobold demonologists
  A hellwing (Orc:2)
  A queen bee (Lair:2)
  Grinder (D:4)
  11 trolls
  4 polar bears
  Prince Ribbit (D:8)
  8 dream sheep
  9 hippogriffs
  13 blink frogs
  A spriggan (Lair:4)
  7 wyverns
  3 wraiths (Orc:1)
  7 fire bats (Volcano)
  A water elemental (D:12)
  39 yaks
  3 steam dragons (Volcano)
  2 hungry ghosts
  6 basilisks
  4 wargs
  3 nagas
  A soldier ant (D:11)
  4 hell hounds (Lair:6)
  16 water moccasins
  13 porcupines
  4 sky beasts
  3 black bears
  An ice beast (D:7)
  A necrophage (D:7)
  37 orc warriors
  4 phantoms
  An eye of draining (D:11)
  4 centaurs
  13 ogres
  14 wolves
  27 crocodiles
  5 big kobolds
  18 bullfrogs
  A wyvern zombie (D:11)
  2 wyvern skeletons
  4 scorpions
  32 killer bees
  3 wights (D:9)
  4 electric eels
  2 crimson imps (D:5)
  2 bullfrog zombies
  4 jellies
  A quasit (D:10)
  9 hounds
  A bullfrog skeleton (D:4)
  28 orc priests
  4 iguanas
  31 orc wizards
  4 worker ants
  A hound skeleton (D:7)
  15 adders
  4 gnolls
  2 howler monkey skeletons
  3 shadow imps
  2 oozes
  2 adder zombies
  5 adder skeletons
  A worm (D:2)
  A dart slug (D:1)
  4 leopard geckos
  98 orcs
  5 bats
  4 giant cockroaches
  7 goblins
  A hobgoblin (D:3)
  15 jackals
  17 kobolds
  7 quokkas
  3 frilled lizards
  A leopard gecko zombie (D:8)
  5 rats
  10 fungi
  9 plants
760 creatures vanquished.

Vanquished Creatures (collateral kills)
  Gastronok (D:8)
  A fire dragon (Volcano)
  A hydra (Lair:2)
  A two-headed ogre (D:11)
  3 orc high priests (Orc:2)
  A sun demon (Orc:2)
  A gelid demonspawn (Orc:2)
  2 orc knights (Orc:1)
  An ugly thing (D:8)
  2 orc sorcerers
  A salamander (Volcano)
  A troll (Orc:1)
  2 yaks (D:13)
  A fire bat (Volcano)
  An acid dragon (D:11)
  7 orc warriors
  2 orc priests (Orc:2)
  A jelly (D:8)
  An orc wizard (Orc:1)
  3 gnolls
  17 orcs
  A plant (Volcano)
52 creatures vanquished.

Vanquished Creatures (others)
  2 wyverns (Volcano)
  A fungus (Lair:1)
  4 plants
  2 withered plants (Lair:5)
9 creatures vanquished.

Grand Total: 821 creatures vanquished

Notes
Turn   | Place    | Note
-------+----------+-------------------------------------------
     0 | D:1      | Rediskos the Hill Orc Fighter began the quest for the Orb.
     0 | D:1      | Reached XP level 1. HP: 19/19 MP: 1/1
   108 | D:1      | Reached skill level 3 in Axes
   273 | D:1      | Reached XP level 2. HP: 27/27 MP: 2/2
   994 | D:2      | Reached XP level 3. HP: 31/33 MP: 3/3
  1158 | D:2      | Found a burning altar of Makhleb.
  1253 | D:2      | Became a worshipper of Makhleb the Destroyer
  1697 | D:2      | Reached skill level 4 in Axes
  1912 | D:3      | Reached XP level 4. HP: 15/40 MP: 4/4
  2392 | D:3      | Noticed a big kobold
  2411 | D:3      | Killed a big kobold
  2411 | D:3      | Reached skill level 1 in Invocations
  2411 | D:3      | Reached XP level 5. HP: 41/47 MP: 4/6
  2536 | D:3      | Reached skill level 5 in Axes
  2744 | D:3      | Reached XP level 6. HP: 51/53 MP: 7/7
  3054 | D:3      | Found an ancient bone altar of Kikubaaqudgha.
  3272 | D:4      | Noticed a phantom
  3308 | D:4      | Killed a phantom
  3378 | D:4      | Reached * piety under Makhleb
  3441 | D:4      | Reached skill level 6 in Axes
  3443 | D:4      | Reached skill level 5 in Fighting
  3443 | D:4      | Reached XP level 7. HP: 47/61 MP: 7/9
  3785 | D:4      | Noticed Grinder
  3792 | D:4      | Killed Grinder
  3792 | D:4      | Reached skill level 7 in Axes
  3792 | D:4      | Reached skill level 5 in Armour
  3792 | D:4      | Reached skill level 5 in Shields
  3922 | D:4      | Reached XP level 8. HP: 69/69 MP: 9/11
  3944 | D:4      | Found Eradduqas's Book Shop.
  4350 | D:5      | Entered Level 5 of the Dungeon
  4669 | D:5      | Reached skill level 8 in Axes
  5154 | D:5      | Reached ** piety under Makhleb
  5154 | D:5      | Reached skill level 5 in Invocations
  5163 | D:5      | Found Fadaigg's Magic Scroll Shop.
  5168 | D:5      | Bought a scroll of identify for 22 gold pieces
  5168 | D:5      | Bought a scroll of identify for 22 gold pieces
  5168 | D:5      | Bought a scroll of blinking for 82 gold pieces
  5455 | D:6      | Identified the Compendium of Dark Rituals and Creation
  5524 | D:6      | Found an iron altar of Okawaru.
  5611 | D:6      | Found a staircase to the Ecumenical Temple.
  5618 | Temple   | Entered the Ecumenical Temple
  5846 | D:6      | Reached skill level 9 in Axes
  6104 | D:6      | Reached XP level 9. HP: 78/78 MP: 12/12
  6801 | D:6      | Reached skill level 10 in Axes
  7612 | D:7      | Reached *** piety under Makhleb
  8872 | D:8      | Reached XP level 10. HP: 75/88 MP: 13/15
  8960 | D:8      | Found a shadowy altar of Dithmenos.
  9001 | D:8      | Reached skill level 11 in Axes
  9024 | D:8      | Found a shadowy altar of Dithmenos.
  9058 | D:8      | Found a transporter.
  9059 | D:8      | Found a transporter.
  9064 | D:8      | Found a roughly hewn altar of Beogh.
  9071 | D:8      | Noticed Prince Ribbit
  9083 | D:8      | Killed Prince Ribbit
  9334 | D:8      | Noticed a brown ugly thing
  9356 | D:8      | Killed a brown ugly thing
  9967 | D:8      | Noticed Harold
 10016 | D:8      | Killed Harold
 10237 | D:8      | Noticed Gastronok
 10250 | D:8      | Killed Gastronok
 10250 | D:8      | Reached skill level 12 in Axes
 10537 | D:9      | Reached XP level 11. HP: 99/99 MP: 17/17
 10798 | D:9      | Reached skill level 10 in Fighting
 10916 | D:9      | Found a hazy altar of Hepliaklqana.
 10958 | D:9      | Found a stormy altar of Qazlal.
 11118 | D:9      | Found a sacrificial altar of Ru.
 11143 | D:9      | Reached **** piety under Makhleb
 11186 | D:10     | Entered Level 10 of the Dungeon
 11496 | D:10     | Found a transporter.
 11521 | D:10     | Noticed raetorn's ghost (novice MiBe)
 11528 | D:10     | Found a transporter.
 11543 | D:10     | Reached skill level 1 in Evocations
 11578 | D:10     | Reached skill level 10 in Shields
 12004 | D:10     | Found a hazy altar of Hepliaklqana.
 12340 | D:10     | Reached skill level 13 in Axes
 12371 | D:11     | Noticed a two-headed ogre
 12548 | D:11     | Found a portal to a secret trove of treasure.
 12598 | D:11     | Found a gate leading to a gauntlet.
 12602 | Gauntlet | Entered a Gauntlet
 12602 | Gauntlet | Found a transporter.
 12643 | Gauntlet | Found a transporter.
 12646 | Gauntlet | Found a transporter.
 12647 | Gauntlet | Found a transporter.
 12649 | Gauntlet | Noticed a wizard
 12656 | Gauntlet | Found a transporter.
 12658 | Gauntlet | Found a transporter.
 12659 | Gauntlet | Found a transporter.
 12665 | Gauntlet | Noticed a necromancer
 12667 | Gauntlet | Found a transporter.
 12670 | Gauntlet | Found a transporter.
 12671 | Gauntlet | Found a transporter.
 12673 | Gauntlet | Noticed a wretched star
 12679 | Gauntlet | Found a transporter.
 12682 | Gauntlet | Found a transporter.
 12683 | Gauntlet | Found a transporter.
 12686 | Gauntlet | Noticed a fire crab
 12692 | Gauntlet | Found a transporter.
 12730 | Gauntlet | Noticed a death yak
 12730 | Gauntlet | Noticed a death yak
 12731 | Gauntlet | Noticed a death yak
 12731 | Gauntlet | Noticed a death yak
 12731 | Gauntlet | Noticed a death yak
 12732 | Gauntlet | Noticed a death yak
 12867 | Gauntlet | Noticed an anaconda
 12975 | D:11     | Noticed a cyclops
 12994 | D:11     | Killed a two-headed ogre
 13022 | D:11     | Killed a cyclops
 13204 | D:11     | Found a staircase to the Lair.
 13219 | D:11     | Noticed a skeletal warrior
 13232 | D:11     | Reached XP level 12. HP: 64/106 MP: 18/18
 13249 | D:11     | Reached skill level 14 in Axes
 13249 | D:11     | Reached skill level 5 in Evocations
 13975 | D:11     | Found a staircase to the Orcish Mines.
 14486 | D:11     | Reached skill level 15 in Axes
 14724 | D:12     | You fall into a shaft and drop 1 floor!
 14724 | D:13     | Noticed Maurice
 14743 | D:13     | Killed Maurice
 14829 | D:13     | Reached ***** piety under Makhleb
 15018 | D:12     | Found Ucoudwoen's Antique Armour Shoppe.
 15294 | D:12     | Found Cerem's Jewellery Shoppe.
 15618 | D:12     | Found Ytserion's Food Shop.
 15887 | Lair:1   | Entered Level 1 of the Lair of Beasts
 15905 | D:11     | Reached skill level 10 in Invocations
 16432 | Lair:1   | Reached XP level 13. HP: 108/115 MP: 20/20
 17101 | Lair:1   | Noticed Sonja
 17112 | Lair:1   | Killed Sonja
 17723 | Lair:2   | Found a dark tunnel.
 17831 | Volcano  | Entered a volcano
 17928 | Volcano  | Reached skill level 16 in Axes
 18013 | Volcano  | Noticed a fire dragon
 18028 | Volcano  | Killed a fire dragon
 18039 | Volcano  | Got a pair of twisted gloves
 18289 | Lair:2   | Identified the +1 pair of gloves "Pumayxo" {Int-2 Slay+5
                  | SInv} (You found it in a volcano)
 18882 | Lair:2   | Reached ****** piety under Makhleb
 19050 | Lair:2   | Got a pair of twisted boots
 19056 | Lair:2   | Identified the +1 pair of boots of Salvation {rPois Str-5
                  | Int+8 SInv} (You found it on level 2 of the Lair of Beasts)
 19691 | Lair:3   | Reached XP level 14. HP: 118/126 MP: 23/23
 19932 | Lair:3   | Reached skill level 17 in Axes
 20111 | Lair:3   | Found a staircase to the Swamp.
 20273 | Lair:3   | Found a staircase to the Snake Pit.
 21553 | Lair:5   | Found a runed translucent door.
 21554 | Lair:5   | Noticed Mumum's ghost (journeyman DrFE)
 21795 | Lair:5   | You fall into a shaft and drop 1 floor!
 21795 | Lair:6   | Entered Level 6 of the Lair of Beasts
 21852 | Lair:6   | Reached skill level 18 in Axes
 21952 | Lair:5   | Reached skill level 15 in Shields
 22253 | Lair:6   | Found a viscous altar of Jiyva.
 22257 | Lair:6   | Found a staircase to the Slime Pits.
 23098 | Lair:6   | Reached XP level 15. HP: 134/134 MP: 24/24
 23251 | Lair:6   | Found a burning altar of Makhleb.
 23366 | Lair:6   | Found a gateway to Hell.
 23685 | Orc:1    | Entered Level 1 of the Orcish Mines
 23736 | Orc:2    | Entered Level 2 of the Orcish Mines
 24125 | Orc:2    | Noticed an orc warlord
 24230 | Orc:1    | Noticed Josephine
 24243 | Orc:1    | Killed Josephine
 24573 | Orc:1    | Noticed Urug
 24597 | Orc:1    | Killed Urug
 24744 | Orc:1    | Noticed Snorg
 24754 | Orc:1    | Killed Snorg
 25237 | Orc:2    | Killed an orc warlord
 25980 | Orc:2    | Found Nouw's General Store.
 25986 | Orc:2    | Found Neteeph's General Store.
 26067 | Orc:2    | Bought a scroll of enchant weapon for 97 gold pieces
 26070 | Orc:2    | Bought a potion of might for 64 gold pieces
 26322 | Orc:2    | Reached skill level 10 in Armour
 26395 | Orc:2    | Found Jeushike's Antique Weapon Emporium.
 26395 | Orc:2    | Found a one-way gate leading to the halls of Pandemonium.
 26395 | Orc:2    | Found Kagacitz's Book Shoppe.
 26472 | Orc:2    | Found a staircase to the Elven Halls.
 26655 | Orc:2    | Bought the amulet "Eteask" {Reflect rC- MR++ Str+6 SH+5}
                  | for 816 gold pieces
 27128 | Snake:1  | Entered Level 1 of the Snake Pit
 27128 | Snake:1  | Found Rasoola's Armour Shop.
 27138 | Snake:1  | Reached XP level 16. HP: 137/147 MP: 23/26
 27298 | Snake:1  | Slain by a shock serpent

Illustrated notes

Levels and vault maps discovered:
D:1:      wander_arrival_chamber, layout_loops_corners
D:2:      layout_loops_corners, nicolae_overflow_crystal_walls, first_ration
D:3:      layout_loops_ring, lemuel_doored_altar, dk_noncrumbling_4
D:4:      layout_loops_ring, serial_shops, nicolae_shop_window_shopping,
          uniq_grinder
D:5:      layout_basic, serial_shops, kennysheep_little_box, water_boxes_lemuel
D:6:      layout_loops_ring, minmay_temple_entry_waves, okawaru_gym_becter
D:7:      layout_basic, grunt_ogre_cave
D:8:      gammafunk_beogh_shrine, layout_layer_cave,
          nicolae_dithmenos_shadow_blocks, basic_altar, minmay_manual_moon,
          uniq_harold, uniq_gastronok, uniq_prince_ribbit1
D:9:      layout_loops_cross, nicolae_qazlal_style_of_elements,
          old_standard_altar, hangedman_ru_absence
D:10:     layout_loops_corners, basic_altar, gammafunk_ghost_stat_death
D:11:     layout_roguey, erik_lair_island, hiddenorc1_lemuel,
          gauntlet_entry_generic, enter_trove_1
D:12:     layout_roguey, serial_shops, nicolae_shop_waterfront,
          nicolae_shop_stone, shop, nicolae_wwwww, serial_bayou_lagoon_a
D:13:     layout_roguey, lightli_vaults_fourway_checkpoint, serial_glass,
          glass_columns_c, glass_columns_a, trog_wizard, uniq_maurice
Temple:   nicolae_temple_elliptical
Lair:1:   layout_cave_pods, cheibrodos_lair_reptile_den, grunt_megastairs_1,
          uniq_sonja
Lair:2:   regret_index_bee_streams, layout_cave_pods, enter_volcano_1,
          serial_bayou_ford_a
Lair:3:   layout_chaotic_city, swamp_mist_pool, guppyfry_snake_entry_island,
          beast_lair_carwin_1, serial_bayou_shore_b
Lair:4:   layout_roguey, ldierk_geyser, minivault_11,
          grunt_forest_stairs_clearing
Lair:5:   layout_regular_city, gammafunk_ghost_grave, beast_lair_carwin_11,
          infiniplex_staircase_pool
Lair:6:   evil_forest, layout_hall_layers, slime_altar_1,
          minmay_shattered_shrine
Snake:1:  hangedman_cross_veins, layout_onion, serial_shops,
          nicolae_shop_statue_plus, shop, nicolae_shop_trees, uniq_nikola
Orc:1:    nicolae_orc_accident_1, layout_diamond_mine, uniq_josephine,
          uniq_urug, uniq_snorg
Orc:2:    pf_orc_diabolical, layout_diamond_mine

Skill      XL: |  1  2  3  4  5  6  7  8  9 10 11 12 13 14 15 |
---------------+----------------------------------------------+-----
Axes           | 3 4 5 6 7 9 10 12 13 15 16 18 | 18.0
Fighting       | 4 5 6 8 9 10 12 14 | 14.9
Armour         | 4 5 6 10 | 10.4
Shields        | 4 5 6 8 9 11 12 13 15 | 15.0
Invocations    | 1 2 4 5 6 9 10 12 13 | 13.7
Evocations     | 4 5 6 7 |  7.0

Action                   |  1- 3 |  4- 6 |  7- 9 | 10-12 | 13-15 | 16-18 || total
-------------------------+-------+-------+-------+-------+-------+-------++-------
Melee: War axe           |   115 |   126 |   357 |    30 |       |       ||   628
       Broad axe         |       |       |       |   570 |   980 |    18 ||  1568
Invok: Minor Destruction |       |       |    63 |    87 |   194 |       ||   344
       Lesser Servant of |       |       |       |     7 |    17 |       ||    24
       Greater Servant o |       |       |       |       |     1 |       ||     1
Evoke: Wand              |       |       |     7 |       |     5 |       ||    12
       Phial of floods   |       |       |       |       |     1 |       ||     1
  Use: Scroll            |       |     9 |    14 |    10 |     5 |       ||    38
       Potion            |       |       |     1 |     2 |     2 |       ||     5
 Stab: Distracted        |       |       |       |     3 |     3 |       ||     6
  Eat: Chunk             |     3 |     4 |    16 |    21 |    34 |       ||    78
       Ration            |       |       |     1 |     2 |       |       ||     3
Armor: Scale mail        |     6 |       |       |       |       |       ||     6
       Chain mail        |    60 |    74 |    18 |       |       |       ||   152
       Plate armour      |       |       |   147 |   211 |   337 |     4 ||   699
Dodge: Dodged            |    21 |    24 |    54 |   120 |   230 |     2 ||   451
Block: Kite shield       |    55 |    67 |   198 |   373 |   628 |    15 ||  1336
       Reflection        |       |       |       |       |     2 |       ||     2
